 Dungeon Crawl Stone Soup version 0.28-a0-1190-g77e1c55843 (webtiles) character file.

Game seed: 15096351002804420479

47 fragbeetle the Insei (level 3, 0/26 HPs)
             Began as a Merfolk Transmuter on Dec 19, 2021.
             Slain by an adder (3 damage)
             ... on level 2 of the Dungeon.
             The game lasted 00:02:40 (1437 turns).

fragbeetle the Insei (Merfolk Transmuter)           Turns: 1437, Time: 00:02:41

Health: 0/26       AC:  2    Str: 12    XL:     3   Next: 70%
Magic:  6/6        EV: 13    Int: 12    God:
Gold:   45         SH:  0    Dex: 14    Spells: 2/6 levels left

rFire   . . .      SeeInvis .     - Unarmed
rCold   . . .      Faith    .   (no shield)
rNeg    . . .      Spirit   .   a - +0 robe
rPois   .          Reflect  .   (helmet currently unavailable)
rElec   .          Harm     .   (no cloak)
rCorr   .          Rampage  .   (no gloves)
Will    .....                   (boots currently unavailable)
Stlth   +.........              (no amulet)
HPRegen 0.08/turn               (no ring)
MPRegen 0.10/turn               (no ring)

@: lethally poisoned (0 -> -4), appendages, flying
A: horns 2, (nimble swimmer 2), mertail
a: End Transformation


You were on level 2 of the Dungeon.
You had temporarily grown beastly horns.
You visited 1 branch of the dungeon, and saw 2 of its levels.

You collected 45 gold pieces.

Inventory:

Hand Weapons
 k - a +0 hunting sling
Missiles
 d - 30 sling bullets
 e - 88 stones
 i - 4 poisoned darts
Armour
 a - a +0 robe (worn)
Jewellery
 f - an amulet of faith
Scrolls
 c - 3 scrolls of teleportation {unknown}
 g - a scroll of fear {unknown}
 h - a scroll of blinking {unknown}
 j - a scroll of enchant armour {unknown}


   Skills:
 - Level 1.1 Fighting
 - Level 3.4 Dodging
 + Level 3.9 Unarmed Combat
 - Level 2.0 Spellcasting
 + Level 3.7 Transmutations
 + Level 0.8 Poison Magic


You had 2 spell levels left.
You knew the following spells:

 Your Spells              Type           Power      Damage    Failure   Level
a - Beastly Appendage     Tmut           20%        N/A       6%          1
b - Spider Form           Tmut/Pois      6%         N/A       32%         3

Your spell library contained the following spells:

 Spells                   Type           Power      Damage    Failure   Level
 Wereblood                Tmut           10%        N/A       9%          2
 Ice Form                 Ice/Tmut       5%         N/A       77%         4


Dungeon Overview and Level Annotations

Branches:
Dungeon (2/15)

Altars:


Innate Abilities, Weirdness & Mutations

You have temporarily grown beastly horns.
((You are quick and stealthy near water. (Stealth+, EV+, Speed+++)))
Your lower body shifts to a powerful aquatic tail in water.


Message History

You grow a pair of large bovine horns.
You miss the adder. The adder bites you.
You are poisoned.
The adder poisons you!
You miss the adder. You headbutt the adder.
The adder is lightly wounded.
You feel sick. The adder bites you.
You are more poisoned.
The adder poisons you!
You hit the adder. Your headbutt misses the adder.
The adder is moderately wounded.
You feel sick. The adder misses you. The adder closely misses you.
You hit the adder.
The adder is moderately wounded.
You feel sick. The adder barely misses you.
You closely miss the adder. Your headbutt misses the adder.
The adder is moderately wounded.
You feel sick. The adder barely misses you.
You hit the adder but do no damage.
The adder is moderately wounded.
You feel sick. The adder barely misses you.
You closely miss the adder.
The adder is moderately wounded.
The adder barely misses you.
You barely miss the adder.
The adder is moderately wounded.
You feel sick. The adder bites you. x2
* * * LOW HITPOINT WARNING * * *
You are lethally poisoned!
The adder poisons you!
You barely miss the adder.
The adder is moderately wounded.
* * * LOW HITPOINT WARNING * * *
You feel sick. The adder misses you.
It was a potion of flight.
You feel very buoyant.
You fly up into the air.
* * * LOW HITPOINT WARNING * * *
You feel sick. The adder bites you.
You die...

#..# #..# # #..# .. .# #.#...
.... .# # # #.#..##+#.... .#
#.#.#.#..#.......
####.###...#.##.#.......
.......§........@S......
#..§§≈≈≈.§§≈≈≈§≈§§§≈.≈§≈
...≈###§.≈###≈§§###≈.≈## #..
##.≈# #§§≈# #≈§§# §.≈# #≈.#.#
##.≈###≈.≈###≈.§###§.≈###≈.#.#
...§≈§≈≈.≈≈≈≈≈.≈≈≈≈≈§§≈§§≈.#.#
..)§.......§.....§...§.§§§.#.#
...≈≈§§≈.≈≈≈≈≈.≈≈§≈≈§§§≈≈≈.#.#
...≈###≈.≈###≈.≈###§§§# #§§#.#


You could see an adder.

Vanquished Creatures
  A dart slug (D:2)
  5 ball pythons
  5 endoplasms
  4 giant cockroaches (D:1)
  A goblin (D:1)
  7 hobgoblins
  2 bats (D:2)
  3 frilled lizards
  7 kobolds
  5 rats
40 creatures vanquished.

Vanquished Creatures (others)
  2 plants (D:1)
2 creatures vanquished.

Grand Total: 42 creatures vanquished

Notes
Turn   | Place    | Note
-------+----------+-------------------------------------------
     0 | D:1      | fragbeetle the Merfolk Transmuter began the quest for the
                  | Orb.
     0 | D:1      | Reached XP level 1. HP: 15/15 MP: 3/3
   167 | D:1      | Reached XP level 2. HP: 21/21 MP: 3/5
   358 | D:1      | Found a faded altar of an unknown god.
   456 | D:1      | Reached XP level 3. HP: 23/26 MP: 4/6
   461 | D:1      | Learned a level 3 spell: Spider Form
  1437 | D:2      | Slain by an adder

Illustrated notes

Levels and vault maps discovered:
D:1:      lemuel_arrival_hallway, layout_rooms,
          shapermc_ecumenical_altar_mp_ritualfount, serial_bayou_pond_e,
          chequers_serial_rivers_small_3
D:2:      layout_basic, kennysheep_boxes

Skill      XL: |  1 |
---------------+----+-----
Transmutations | 3 |  3.7
Dodging        | 3 |  3.4
Fighting       | |  1.1
Unarmed Combat | |  3.9
Spellcasting   | |  2.0
Poison Magic   | |  0.8

Action                   || total
-------------------------++-------
Melee: Unarmed           ||   109
       Headbutt          ||    13
 Cast: Beastly Appendage ||    27
  Use: Potion            ||     1
Armor: Robe              ||     8
Dodge: Dodged            ||    69

Table legend: (Time is in decaauts)
 A = Elapsed time spent in this place.
 B = Non-inter-level travel time spent in this place.
 C = Inter-level travel time spent in this place.
 D = Time resting spent in this place.
 E = Time spent auto-exploring this place.
 F = Levels seen in this place.
 G = Mean time per level.
                   A        B        C        D        E       F      G
               +--------+--------+--------+--------+--------+-----+--------+
         Total |   1421 |   1399 |     22 |      0 |   1067 |   2 |  710.5 |
       Dungeon |   1421 |   1399 |     22 |      0 |   1067 |   2 |  710.5 |
               +--------+--------+--------+--------+--------+-----+--------+

Top non-repeatable levels by time:
     D:1: 811 daAuts
     D:2: 610 daAuts
